Map: Abiogenesis LE

Players

BossPhenex

  • Race: Terran Terran
  • League: Gold
  • Spawn Location: 11:00

Test - Winner!

  • Race: Terran Terran
  • Spawn Location: 5:00

VOD

Have the link to the VOD?

Description

Time

  • Played on: May 13, 2018, 11:09 a.m.
  • Length: 25:56
Show
View Real Time Build Order
Export as new Build Order

BossPhenex Terran 

Build Orders: Bio Tank 

Get SALT Encoding   

  12  0:03  SCV  
  13  0:15  SCV  
  13  0:20  Supply Depot  
  14  0:27  SCV  
  15  0:30  Refinery  
  15  0:47  Barracks  
  15  0:48  SCV  
  16  1:00  Supply Depot  
  16  1:02  SCV  
  17  1:17  SCV  
  18  1:24  Refinery  
  18  1:32  SCV  
  19  1:35  Reaper  
  20  1:46  SCV  
  21  1:51  Factory  
  21  2:18  Command Center  
  21  2:28  SCV  
  22  2:41  Starport  
  22  2:42  Factory Tech Lab  
  22  2:47  SCV  
  23  2:59  SCV  
  23  3:02  Barracks Reactor  
  24  3:05  Supply Depot  
  24  3:11  Supply Depot  
  24  3:20  Starport Reactor  
  24  3:31  Siege Tank  
  24  3:33  SCV  
  27  3:34  SCV  
  27  3:40  Marine x2  
  30  3:53  Engineering Bay  
  30  4:02  Engineering Bay  
  30  4:07  Armory  
  30  4:09  SCV  
  31  4:13  SCV  
  31  4:15  Marine  
  33  4:18  Marine  
  34  4:28  Siege Tank  
  37  4:34  Medivac  
  39  4:39  Medivac  
  39  4:43  SCV  
  39  4:45  SCV  
  43  5:03  Barracks  
  43  5:10  SCV  
  43  5:11  SCV  
  43  5:13  Siege Tank  
  43  5:14  Marine x2  
  48  5:17  Terran Infantry Weapons Level 1  
  50  5:21  Terran Infantry Armor Level 1  
  50  5:33  Terran Vehicle Weapons Level 1  
  50  5:34  SCV  
  50  5:35  SCV  
  52  5:40  Refinery  
  52  5:43  Refinery  
  52  5:44  Marine  
  52  5:45  Marine  
  54  5:54  SCV x2, Barracks  
  56  6:02  Barracks Tech Lab  
  56  6:04  Marine  
  56  6:05  Marine  
  58  6:12  SCV x2, Armory  
  60  6:22  Marine  
  60  6:24  SCV  
  62  6:25  Stimpack  
  62  6:33  Supply Depot  
  62  6:38  Supply Depot  
  62  6:55  SCV  
  62  6:59  Command Center  
  63  7:02  Marine x3  
  63  7:07  Barracks Reactor  
  66  7:10  Siege Tank  
  69  7:18  Medivac  
  69  7:19  Medivac  
  69  7:21  SCV  
  74  7:23  SCV  
  75  7:36  Factory  
  75  7:38  SCV  
  75  7:39  SCV, Barracks  
  77  7:54  Marine  
  78  8:03  Supply Depot  
  78  8:04  Supply Depot  
  78  8:07  Supply Depot  
  78  8:10  Marine x4  
  82  8:25  Marine  
  68  8:27  Medivac x2  
  68  8:32  Marine x2  
  68  8:33  Marine  
  75  8:34  Marine  
  75  8:37  Combat Shields  
  75  8:40  SCV x2  
  78  8:43  SCV  
  78  8:46  Siege Tank  
  78  8:47  Marine  
  83  8:52  Barracks Reactor  
  83  8:55  Factory Tech Lab  
  83  9:02  Marine x3  
  85  9:03  Marine  
  87  9:16  SCV x2  
  90  9:17  SCV, Ghost Academy  
  90  9:18  Ghost Academy  
  90  9:22  Ghost Academy  
  90  9:23  Marine x5  
  95  9:25  Siege Tank  
  95  9:30  Siege Tank  
  101  9:33  Medivac  
  103  9:45  Marine x4  
  105  9:46  Marine x3  
  105  9:48  SCV x2  
  105  9:50  SCV  
  113  9:55  Personal Cloaking  
  113  10:00  Nuke  
  113  10:04  Nuke  
  113  10:09  Ghost  
  115  10:19  Marine  
  116  10:21  SCV  
  117  10:32  Supply Depot  
  117  10:34  Supply Depot  
  117  10:54  Marine x6, SCV x2  
  117  10:56  Siege Tank, Medivac x2  
  132  11:00  SCV  
  133  11:05  Refinery  
  133  11:06  Refinery  
  133  11:08  Orbital Command x2  
  133  11:14  Orbital Command  
  133  11:21  Nuke  
  133  11:23  Ghost  
  133  11:24  Siege Tank  
  115  11:39  Marine x3, Siege Tank  
  121  11:40  Marine x3  
  124  11:51  Ghost  
  126  12:20  Ghost  
  126  12:22  Marine x3  
  129  12:23  Marine x2  
  133  12:44  Medivac  
  133  12:47  Supply Depot  
  133  12:50  Supply Depot  
  133  12:52  Supply Depot  
  133  12:59  Marine x2  
  133  13:08  Siege Tank x2, Medivac  
  133  13:11  SCV x3  
  144  13:12  Supply Depot  
  144  13:14  Supply Depot  
  144  13:22  Marine x5  
  144  13:23  Marine x2  
  151  13:31  Medivac  
  153  13:35  Nuke x2  
  153  13:36  Nuke, Command Center  
  153  13:38  Medivac  
  155  13:55  Ghost  
  155  13:58  Liberator x2  
  155  14:00  Siege Tank x2  
  115  14:11  Marine x2  
  115  14:12  Marine x4  
  120  14:24  Marine  
  118  15:23  Ghost  
  120  15:29  Liberator x2  
  120  15:44  Siege Tank x2  
  120  15:48  Marine  
  120  15:49  Marine x5  
  138  15:51  Marine  
  139  16:06  Marine  
  139  16:07  Marine x5  
  139  16:09  Marine  
  146  16:16  Refinery  
  146  16:17  Command Center  
  146  16:20  Refinery  
  146  16:24  Marine  
  146  16:25  Marine  
  148  16:28  Terran Infantry Weapons Level 2  
  148  16:31  Terran Infantry Armor Level 2  
  148  16:33  Terran Vehicle Weapons Level 2  
  148  16:43  Liberator x2  
  148  16:55  Marine x4  
  148  16:56  Marine x3  
  148  16:59  Siege Tank x2  
  167  17:13  Marine x5, Terran Vehicle And Ship Armor Level 1  
  172  17:44  Liberator x2  
  172  17:56  Marine  
  172  17:57  Marine x4  
  172  17:58  Marine x2  
  177  18:00  Siege Tank x2  
  189  18:27  Refinery  
  187  18:35  Ghost  
  187  18:40  Marine  
  187  18:41  Marine x5  
  192  18:43  Siege Tank  
  198  18:53  Refinery  
  198  18:55  Terran Infantry Weapons Level 3, Terran Infantry Armor Level 3  
  198  18:58  Marine x2  
  198  19:01  Terran Vehicle Weapons Level 3  
  200  19:07  Terran Vehicle And Ship Armor Level 2  
  178  20:14  Ghost  
  178  20:15  Marine x2  
  178  20:16  Marine x4  
  186  20:33  Marine  
  187  20:45  Liberator x2  
  166  21:00  Siege Tank x2  
  181  21:05  Marine  
  181  21:06  Marine x6  
  185  21:21  Nuke  
  185  21:22  Nuke x2  
  185  21:23  Marine  
  185  21:24  Marine x2  
  188  22:04  Command Center  
  188  22:36  Supply Depot  
  188  22:39  Supply Depot x2  
  188  22:53  Liberator  
  188  22:57  Ghost, Marine x6  
  196  22:59  Supply Depot  
  196  23:03  Supply Depot  
  197  23:15  Marine  
  198  23:24  Terran Ship Weapons Level 1  
  198  23:26  Ghost  
  74  24:56  Marine  
  74  24:57  Marine x6  
  80  25:00  Siege Tank x2  
  83  25:09  Factory  
  83  25:12  Factory  
  81  25:14  Marine  
  81  25:15  Marine x4  
  55  25:22  Barracks x2  
  55  25:27  Barracks  
  60  25:29  Barracks  
Show
View Real Time Build Order
Export as new Build Order

Test Terran - Winner!

Build Orders: Bio Tank 

Get SALT Encoding   

  12  0:00  SCV  
  13  0:13  Supply Depot  
  13  0:18  SCV  
  14  0:30  SCV  
  15  0:39  Barracks  
  15  0:45  Refinery  
  15  0:47  SCV  
  16  0:59  SCV  
  17  1:07  Barracks  
  17  1:11  SCV  
  18  1:24  SCV  
  19  1:31  Marine  
  20  1:36  Supply Depot  
  20  1:43  SCV  
  21  1:49  Marine  
  22  1:55  SCV  
  22  1:56  Barracks Reactor  
  23  2:07  Marine, Refinery  
  24  2:10  Orbital Command  
  24  2:20  Supply Depot  
  24  2:24  Marine  
  25  2:34  Marine x2  
  25  2:35  Factory  
  27  2:42  Marine  
  28  2:52  Marine  
  28  2:56  Engineering Bay  
  29  3:00  Marine  
  30  3:07  SCV  
  30  3:08  Factory  
  31  3:18  Marine  
  32  3:42  Command Center  
  32  3:46  SCV  
  33  3:55  Factory Tech Lab  
  33  3:58  Barracks Tech Lab  
  33  3:59  SCV  
  33  4:01  Factory Tech Lab  
  34  4:10  Missile Turret  
  34  4:11  SCV  
  35  4:22  Marine  
  37  4:24  Missile Turret  
  37  4:27  Terran Infantry Weapons Level 1  
  37  4:30  Marine  
  38  4:33  Stimpack  
  37  4:46  Starport  
  37  4:50  Supply Depot  
  37  4:55  SCV  
  38  5:02  Marine x2  
  40  5:10  Engineering Bay  
  41  5:14  SCV  
  41  5:17  Orbital Command  
  41  5:23  Refinery  
  41  5:31  Siege Tank  
  44  5:37  SCV  
  45  5:45  Terran Infantry Armor Level 1  
  45  5:49  SCV  
  46  5:51  Refinery  
  46  5:54  SCV  
  46  5:57  Marine  
  47  6:00  Medivac  
  47  6:01  SCV  
  51  6:06  SCV  
  55  6:11  Siege Tank  
  55  6:13  SCV  
  56  6:21  Armory  
  56  6:22  Marine x3  
  59  6:26  SCV x2  
  59  6:32  Supply Depot  
  61  6:38  SCV  
  62  6:41  Supply Depot  
  62  6:54  SCV, Medivac  
  65  7:02  SCV  
  65  7:06  SCV  
  67  7:09  Sensor Tower, Siege Tank  
  70  7:21  SCV  
  71  7:24  Medivac  
  73  7:33  SCV  
  73  7:34  Terran Infantry Weapons Level 2  
  73  7:35  Supply Depot  
  73  7:36  Supply Depot  
  74  7:39  Marine x3  
  77  7:45  SCV  
  77  7:46  Supply Depot  
  77  7:51  Combat Shields  
  78  7:57  Marine x3, Terran Infantry Armor Level 2  
  81  8:02  Starport Reactor  
  81  8:15  Marine x3  
  84  8:33  Marine x3  
  84  8:42  Medivac x2  
  84  8:43  Missile Turret  
  84  8:45  Siege Tank  
  84  8:46  Siege Tank  
  94  8:50  Marine  
  94  8:51  Marine x2  
  97  8:57  Terran Vehicle Weapons Level 1  
  97  9:04  Missile Turret  
  97  9:08  Marine x2  
  97  9:09  Marauder  
  101  9:14  Sensor Tower  
  101  9:24  Missile Turret, Supply Depot  
  101  9:25  Medivac  
  101  9:26  Marine x2, Supply Depot  
  101  9:29  Supply Depot  
  101  9:30  Marine, Supply Depot  
  106  9:34  Armory  
  106  9:41  Factory  
  106  9:44  Marine x2  
  108  9:47  Siege Tank  
  108  9:48  Marine, Command Center  
  112  10:02  Marine x2  
  112  10:06  Marine  
  115  10:08  Terran Infantry Weapons Level 3  
  115  10:13  Refinery  
  115  10:18  Refinery  
  115  10:19  Marine  
  115  10:20  Marine  
  117  10:23  Marine  
  117  10:27  Siege Tank  
  121  10:33  SCV x2  
  123  10:37  Marine x2  
  123  10:41  Marine, Factory Tech Lab  
  126  10:43  Siege Tank  
  126  10:45  SCV x2  
  131  10:55  Marine, Missile Turret  
  131  10:56  Terran Vehicle Weapons Level 2  
  132  10:57  SCV x2  
  134  11:09  SCV x2  
  136  11:12  Marine  
  136  11:13  Marine x2  
  136  11:14  Siege Tank x2  
  145  11:21  Missile Turret  
  115  11:30  Marine x2  
  115  11:31  Marine  
  88  11:36  Siege Tank  
  88  11:46  Siege Tank  
  91  11:47  Orbital Command  
  91  11:48  Marine x2  
  91  11:49  Marine  
  91  11:53  Siege Tank  
  97  12:02  SCV  
  97  12:06  Marine x3  
  97  12:08  Terran Vehicle And Ship Armor Level 1  
  101  12:14  SCV  
  102  12:23  Concussive Shells  
  102  12:24  Marine x3  
  102  12:26  SCV  
  106  12:41  Marine  
  106  12:42  Marine x2  
  97  12:59  Marine x2  
  97  13:00  Marine  
  100  13:17  Marine x2  
  100  13:18  Marine  
  103  13:31  Siege Tank  
  103  13:32  Siege Tank x2  
  112  13:35  Marine x3  
  112  13:40  SCV  
  116  13:52  SCV  
  116  13:53  Marine x3  
  116  13:54  Terran Infantry Armor Level 3  
  113  14:03  Siege Tank  
  113  14:04  Siege Tank x2  
  101  14:11  Marine x3  
  102  14:28  Marine x2  
  102  14:29  Marine  
  105  14:36  Siege Tank x3  
  114  14:40  Barracks  
  114  14:41  Barracks  
  114  14:42  Barracks  
  114  14:46  Marine  
  114  14:47  Marine  
  116  15:03  Marine x2  
  116  15:04  Marine x2  
  116  15:07  Command Center  
  117  15:08  Siege Tank x2  
  120  15:18  SCV  
  88  15:22  Marine x2  
  87  15:30  SCV  
  87  15:37  Banshee  
  87  15:40  Marine x2, Siege Tank  
  95  15:54  Thor x2  
  107  16:10  Refinery  
  107  16:11  Missile Turret  
  107  16:14  Refinery  
  107  16:16  SCV  
  108  16:20  Raven  
  110  16:27  SCV  
  110  16:28  SCV  
  110  16:30  Terran Vehicle Weapons Level 3  
  112  16:39  Planetary Fortress, SCV  
  113  17:01  Thor  
  113  17:03  Raven  
  121  17:09  Thor  
  121  17:12  Barracks Reactor x2  
  127  17:19  Marine x3  
  127  17:20  Marine  
  131  17:27  Marine  
  132  17:37  Marine x4  
  117  17:45  Marine  
  117  17:46  Raven  
  117  17:48  Marine x4  
  117  17:49  SCV  
  125  17:54  Marine  
  125  17:55  Marine x3  
  125  17:57  Terran Vehicle And Ship Armor Level 2  
  129  18:00  Thor x2  
  129  18:01  SCV  
  129  18:02  Marine  
  143  18:06  Marine x4  
  143  18:11  SCV  
  143  18:12  Marine  
  148  18:13  Marine x3, SCV  
  148  18:17  SCV  
  154  18:20  Marine  
  154  18:25  Supply Depot  
  154  18:26  SCV  
  156  18:29  Raven  
  156  18:30  Marine x2  
  156  18:31  Marine x2  
  162  18:35  Missile Turret  
  162  18:38  SCV, Marine, Missile Turret  
  164  18:43  SCV  
  164  18:44  SCV  
  166  18:50  SCV  
  166  18:55  Thor  
  173  18:56  Marine  
  173  19:00  SCV x2  
  173  19:02  SCV  
  177  19:07  SCV  
  178  19:10  Thor  
  178  19:12  SCV, Raven  
  178  19:14  SCV  
  188  19:26  Hi-Sec Auto Tracking  
  188  19:40  Supply Depot  
  188  19:43  Supply Depot  
  188  20:02  Raven, Thor  
  188  20:05  Supply Depot  
  196  20:12  Missile Turret  
  191  20:23  Building Armor  
  77  21:00  SCV  
  77  21:02  SCV  
  79  21:12  SCV  
  79  21:14  SCV  
  79  21:17  Marine x9  
  90  21:24  SCV  
  91  21:26  SCV  
  92  21:34  Marine, Command Center  
  92  21:35  Marine x8  
  92  21:38  SCV  
  102  21:46  Command Center  
  102  21:49  Missile Turret  
  102  21:52  Marine x2  
  102  21:53  Marine x7  
  111  22:10  Marine x2  
  111  22:11  Marine x7, Missile Turret  
  120  22:28  Marine  
  120  22:29  Marine  
  122  22:33  Missile Turret  
  122  22:34  Missile Turret  
  122  22:35  Marine  
  122  22:36  Marine x5  
  109  22:37  Marine  
  110  22:46  Marine  
  110  22:47  Marine  
  112  22:53  Marine x2  
  112  22:54  Marine x4  
  112  22:55  Marine  
  108  22:59  Missile Turret  
  108  23:00  Missile Turret  
  108  23:03  Marine  
  108  23:04  Marine  
  109  23:11  Marine x3  
  109  23:12  Marine x4  
  115  23:16  SCV x4  
  115  23:17  SCV x2  
  122  23:21  Marine  
  122  23:22  Marine, Missile Turret  
  124  23:28  SCV  
  124  23:29  Marine x4  
  124  23:30  Marine x3  
  132  23:39  Marine  
  132  23:40  Marine  
  132  23:41  SCV  
  135  23:42  Sensor Tower  
  135  23:47  Marine  
  136  23:53  SCV  
  136  24:11  Marine  
  136  24:12  Marine x5  
  136  24:13  Marine x3  
  145  24:22  Viking  
  147  24:29  Marine  
  100  24:54  Viking  
  102  25:00  Marine x3  
  102  25:07  SCV  
  106  25:09  SCV  
  107  25:19  SCV  
  107  25:21  Marine x3  
  107  25:24  Viking  
Tags
 
Composition
Bio TankBio Tank
League
Gold
Matchup
TvT
Race
Terran
Spawn Locations
Cross Positions
Add a new tag
Caveats
  • Supply blocks, unpowered buildings, or Contaminate may cause inaccurate times.
  • Supply counts are checked every 10 seconds.